 Dungeon Crawl Stone Soup version 0.29-a0-559-g359e09b9d1 (webtiles) character file.

Game seed: 7061973961804966619

899 happo123 the Sneak (level 7, -2/40 HPs)
             Began as a Vampire Enchanter on June 9, 2022.
             Slain by a gnoll
             ... wielding a +0 whip
             ... led by a gnoll shaman
              (3 damage)
             ... on level 5 of the Dungeon.
             The game lasted 00:20:45 (4334 turns).

happo123 the Sneak (Vampire Enchanter)              Turns: 4334, Time: 00:20:45

Health: -2/40      AC:  4    Str:  7    XL:     7   Next: 79%
Magic:  1/11       EV: 13    Int: 20    God:
Gold:   247        SH:  0    Dex: 14    Spells: 4/12 levels left

rFire   . . .      SeeInvis +   t - +4 dagger (flame)
rCold   + + .      Faith    .   (no shield)
rNeg    + + +      Spirit   .   b - +0 robe
rPois   ∞          Reflect  .   (no helmet)
rElec   .          Harm     .   (no cloak)
rCorr   .          Rampage  .   e - +0 pair of gloves
Will    .....                   j - +0 pair of boots
Stlth   ++++++....              (no amulet)
HPRegen 0.00/turn               (no ring)
MPRegen 0.12/turn               (no ring)

@: bloodless, inhibited regen, invisible
A: bloodless, fangs 3, see invisible, vampiric 2
a: Bat Form, Revivify


You were on level 5 of the Dungeon.
You visited 1 branch of the dungeon, and saw 5 of its levels.
You also visited: Sewer.

You collected 247 gold pieces.

Inventory:

Hand Weapons
 t - a +4 dagger of flaming (weapon)
 y - a +0 arbalest
Armour
 b - a +0 robe (worn)
 e - a +0 pair of gloves (worn)
 j - a +0 pair of boots (worn)
Magical Staves
 f - a staff of cold
Wands
 m - a wand of acid (15)
Scrolls
 a - a scroll of blinking {unknown}
 i - 2 scrolls of torment {unknown}
 k - 2 scrolls of magic mapping {unknown}
 l - 4 scrolls of identify {unknown}
 n - a scroll of amnesia {unknown}
 p - 2 scrolls of brand weapon {unknown}
 r - 3 scrolls of poison {unknown}
 s - a scroll of immolation {unknown}
 v - a scroll of vulnerability {unknown}
 w - 2 scrolls of noise {unknown}
Potions
 c - a potion of invisibility
 d - 4 potions of heal wounds {unknown}
 g - 6 potions of curing
 h - 2 potions of might {unknown}
 o - a potion of mutation {unknown}
 q - a potion of resistance {unknown}
 u - a potion of haste {unknown}
 x - a potion of magic {unknown}


   Skills:
 + Level 2.4 Fighting
 + Level 3.2 Short Blades
 + Level 3.7 Dodging
 * Level 7.9 Stealth
 + Level 3.2 Spellcasting
 * Level 7.5 Hexes
 + Level 2.6 Ice Magic


You had 4 spell levels left.
You knew the following spells:

 Your Spells              Type           Power      Damage    Failure   Level
a - Ensorcelled Hibernat  Hex/Ice        46%        N/A       2%          2
b - Confusing Touch       Hex            33%        N/A       1%          3
c - Tukima's Dance        Hex            33%        N/A       1%          3

Your spell library contained the following spells:

 Spells                   Type           Power      Damage    Failure   Level
 Freeze                   Ice            52%        1d7       4%          1
 Dazzling Flash           Conj/Hex       36%        N/A       9%          3
 Summon Guardian Golem    Hex/Summ       18%        N/A       9%          3
 Apportation              Tloc           6%         N/A       14%         1
 Necrotize                Necr           12%        1d4       14%         1
 Summon Small Mammal      Summ           12%        N/A       14%         1
 Frozen Ramparts          Ice            26%        1d4       14%         3
 Call Canine Familiar     Summ           3%         N/A       38%         3
 Vampiric Draining        Necr           3%         2d6       38%         3
 Hailstorm                Conj/Ice       8%         3d4       63%         4
 Agony                    Necr           3%         N/A       98%         5


Dungeon Overview and Level Annotations

Branches:
Dungeon (5/15)              Sewer (visited)
 Temple: D:4-7

Altars:


Innate Abilities, Weirdness & Mutations

You do not regenerate when monsters are visible.
You are frail without blood (-20% HP).
You can heal yourself when you bite living creatures.
You are immune to poison.
You have razor-sharp teeth.
You have supernaturally acute eyesight. (SInv)
You are afflicted with vampirism and can become a bat while bloodless.


Message History

The gnoll closely misses you.
Aiming: Ensorcelled Hibernation (safe; 2% risk of failure)
Press: ? - help, Q - select action, (/) - cycle Shift-Dir - straight line, f - gnoll, p - gnoll
Aim: a gnoll, wielding a +0 whip (chance to affect: 64%)
The gnoll resists with significant effort.
The gnoll hits you with a +0 whip! The gnoll closely misses you.
The gnoll barely misses you.
You hit the gnoll. You burn the gnoll. You bite the gnoll.
You draw the gnoll's blood!
You feel better.
The gnoll is severely wounded.
The gnoll barely misses you. The gnoll closely misses you.
The gnoll hits you with a +0 whip.
You hit the gnoll. You burn the gnoll.
You kill the gnoll!
The gnoll barely misses you. The gnoll hits you with a +0 whip.
The gnoll hits you with a +0 whip. x2
You see here a +0 whip.
You hit the gnoll but do no damage. The gnoll misses you.
The gnoll hits you with a +0 whip!
* * * LOW HITPOINT WARNING * * *
You barely miss the gnoll. Your bite misses the gnoll.
You completely miss the gnoll. Your bite misses the gnoll.
The gnoll hits you with a +0 whip.
* * * LOW HITPOINT WARNING * * *
The gnoll hits you with a +0 whip.
* * * LOW HITPOINT WARNING * * *
You hit the gnoll. You burn the gnoll.
The gnoll is heavily wounded.
The gnoll barely misses you. The gnoll hits you with a +0 whip.
* * * LOW HITPOINT WARNING * * *
It was a potion of curing.
You feel better. The gnoll hits you with a +0 whip.
* * * LOW HITPOINT WARNING * * *
The gnoll hits you with a +0 whip.
* * * LOW HITPOINT WARNING * * *
You fade into invisibility!
The gnoll closely misses you. The gnoll misses you.
You hit the gnoll but do no damage.
The gnoll is moderately wounded.
The gnoll hits you with a +0 whip.
You die...

#.......##
...##.....#
..........#
## #.##.....#
...##......##
....#......#
..........##
#.#.....).#
#...@.).##
#..#gg.##
....##....#
.#... ......#
#. .....!.# #
#.#.#.#.#
........#
...#.#.#.#


You could see 2 gnolls.

Vanquished Creatures
  Menkaure (D:4)
  The ghost of DamienQuinn the Skirmisher, an amateur OgBe of Trog (D:3)
  2 ogres (D:3)
  A kobold brigand (D:5)
  A scorpion (D:4)
  A jelly (D:4)
  A gnoll shaman (D:5)
  An orc wizard (D:3)
  2 iguanas
  A hell rat (Sewer)
  2 adders (D:2)
  3 gnolls (D:5)
  3 river rats (Sewer)
  A white imp (D:5)
  An ufetubus (D:4)
  3 worms
  14 orcs
  9 ball pythons
  11 endoplasms
  5 giant cockroaches
  8 goblins
  7 hobgoblins
  10 jackals (D:3)
  13 kobolds
  3 quokkas (D:3)
  3 bats
  2 frilled lizards
  10 rats
120 creatures vanquished.

Notes
Turn   | Place    | Note
-------+----------+-------------------------------------------
     0 | D:1      | happo123 the Vampire Enchanter began the quest for the Orb.
     0 | D:1      | Reached XP level 1. HP: 13/13 MP: 3/3
   125 | D:1      | Reached XP level 2. HP: 19/19 MP: 5/5
   128 | D:1      | Learned a level 2 spell: Ensorcelled Hibernation
   856 | D:2      | Found a faded altar of an unknown god.
  1035 | D:2      | Reached skill level 5 in Hexes
  1035 | D:2      | Gained mutation: You are afflicted with vampirism and can
                  | become a bat while bloodless. [Vampire growth]
  1035 | D:2      | Reached XP level 3. HP: 20/20 MP: 6/6
  1039 | D:2      | Learned a level 3 spell: Confusing Touch
  1523 | D:2      | Reached skill level 5 in Stealth
  1603 | D:3      | Noticed an ogre
  1607 | D:3      | Killed an ogre
  1608 | D:3      | Reached skill level 1 in Fighting
  1608 | D:3      | Reached skill level 1 in Ice Magic
  1608 | D:3      | Reached XP level 4. HP: 25/25 MP: 3/7
  1796 | D:3      | Reached XP level 5. HP: 29/29 MP: 8/8
  1833 | D:3      | Found a glowing drain.
  1847 | Sewer    | Entered a sewer
  1852 | Sewer    | Learned a level 3 spell: Tukima's Dance
  2046 | D:3      | Found a runed translucent door.
  2052 | D:3      | Noticed DamienQuinn's ghost (amateur OgBe)
  2709 | D:3      | Noticed an ogre
  2714 | D:3      | Killed an ogre
  2715 | D:3      | Reached XP level 6. HP: 35/35 MP: 6/10
  2854 | D:3      | Killed DamienQuinn's ghost
  3167 | D:4      | Reached XP level 7. HP: 18/40 MP: 0/11
  3414 | D:4      | Noticed Menkaure
  3424 | D:4      | Killed Menkaure
  3987 | D:5      | Entered Level 5 of the Dungeon
  4332 | D:5      | HP: 1/40 [gnoll/+0 whip[a gnoll shaman] (5)]
  4334 | D:5      | Slain by a gnoll

Illustrated notes

Levels and vault maps discovered:
D:1:      ncdulo_smallfort, layout_rooms, serial_forest,
          infiniplex_forest_lined_1, infiniplex_forest_fountain,
          infiniplex_forest_zigzag_2, infiniplex_forest_clump_long,
          infiniplex_forest_corner_2, infiniplex_forest_clump_small,
          infiniplex_forest_lined_room_2, infiniplex_forest_pool
D:2:      layout_basic, shapermc_ecumenical_altar_starsandcircs,
          minmay_misc_feat_encased
D:3:      layout_basic, ebering_ghost_reflecting_pool, gup_sewer_entry_bubbles
D:4:      layout_cave_pools, grunt_decor_fettered,
          minmay_fractal_squares_gapless_5, uniq_menkaure
D:5:      layout_cave_pools, temple_hall, serial_co_window_serial,
          co_window_paths_b, co_window_corner_a, co_window_of_opportunity_a,
          co_window_of_opportunity_a, co_window_paths_a, co_window_corner_ca,
          co_window_corner_b, co_window_of_opportunity_b, co_window_paths_e,
          glass_columns_b, glass_columns_b, glass_columns_a, serial_shops,
          nicolae_shop_waterfront, kennysheep_generic_room_11

Skill      XL: |  1  2  3  4  5  6  7 |
---------------+----------------------+-----
Hexes          | 5 6 7 |  7.5
Stealth        | 5 6 7 |  7.9
Fighting       | 1 2 |  2.4
Short Blades   | 2 3 |  3.2
Ice Magic      | 1 2 |  2.6
Dodging        | 3 |  3.7
Spellcasting   | 3 |  3.2

Action                   |  1- 3 |  4- 6 |  7- 9 || total
-------------------------+-------+-------+-------++-------
Melee: Dagger            |    79 |   101 |    57 ||   237
       Bite              |     7 |     7 |     3 ||    17
 Cast: Ensorcelled Hiber |    14 |    29 |    25 ||    68
       Confusing Touch   |     1 |     1 |     3 ||     5
 Abil: Exsanguinate      |     1 |       |       ||     1
  Use: Potion            |       |       |     2 ||     2
 Stab: Sleeping          |    18 |    43 |    22 ||    83
       Confused          |     1 |     2 |     1 ||     4
       Distracted        |     1 |       |       ||     1
Armor: Robe              |     8 |    12 |     6 ||    26
Dodge: Dodged            |    25 |    40 |    35 ||   100

Table legend: (Time is in decaauts)
 A = Elapsed time spent in this place.
 B = Non-inter-level travel time spent in this place.
 C = Inter-level travel time spent in this place.
 D = Time resting spent in this place.
 E = Time spent auto-exploring this place.
 F = Levels seen in this place.
 G = Mean time per level.
                   A        B        C        D        E       F      G
               +--------+--------+--------+--------+--------+-----+--------+
         Total |   4347 |   3711 |    636 |    263 |   2537 |   6 |  724.5 |
       Dungeon |   4201 |   3565 |    636 |    219 |   2520 |   5 |  840.2 |
         Sewer |    145 |    145 |      0 |     44 |     17 |   1 |  145.0 |
               +--------+--------+--------+--------+--------+-----+--------+

Top non-repeatable levels by time:
     D:3: 1163 daAuts
     D:4: 1046 daAuts
     D:1: 937 daAuts
     D:2: 710 daAuts
     D:5: 343 daAuts
   Sewer: 145 daAuts
